 Dungeon Crawl Stone Soup version 0.30.1-11-g7821555f0a (webtiles) character file.

Game seed: 16997193098389993193

5081 Martska the Fighter (level 10, -4/123 HPs)
             Began as a Demonspawn Fighter on Dec 13, 2023.
             Was a Follower of Uskayaw.
             Slain by a wraith (6 damage)
             ... on level 9 of the Dungeon.
             The game lasted 00:15:22 (9349 turns).

Martska the Fighter (Demonspawn Fighter)            Turns: 9349, Time: 00:15:23

Health: -4/123     AC: 29    Str: 26    XL:     10   Next: 31%
Magic:  14/14      EV:  2    Int: 14    God:    Uskayaw [*.....]
Gold:   393        SH:  4    Dex: 11    Spells: 2/9 levels left

rFire   . . .        B - +2 dagger (elec)
rCold   . . .        c - +0 buckler
rNeg    . . .        s - melded +3 leather armour "Qousoc" {rCorr Str+3 Dex+3 Slay+5}
rPois   +            (helmet currently unavailable)
rElec   .            H - melded +0 cloak
rCorr   .            (gloves currently unavailable)
SInv    .            (boots currently unavailable)
Will    .....        (no amulet)
Stlth   +            i - +4 ring of protection
HPRegen 0.40/turn    d - +6 ring of strength
MPRegen 0.14/turn

%: no passive effects
@: tree-form, marked, slowed, very slow
A: stationary, stasis, torment immunity, boosted hp, (claws 2), (slimy green
scales 2), powered by death 1, clever 1, subdued magic 1
a: Renounce Religion, Stomp


You were on level 9 of the Dungeon.
You worshipped Uskayaw.
Uskayaw was noncommittal.
You were a tree.
You visited 2 branches of the dungeon, and saw 10 of its levels.

You collected 393 gold pieces.

Inventory:

Hand Weapons
 a - a +0 trident
 n - a +1 short sword of flaming
 B - a +2 dagger of electrocution (weapon)
Missiles
 M - a throwing net (quivered)
Armour
 b - a +0 scale mail
 c - a +0 buckler (worn)
 s - the +3 leather armour "Qousoc" (melded) {rCorr Str+3 Dex+3 Slay+5}
   (You found it on level 2 of the Dungeon)

   Str:       It affects your strength (+3).
   Dex:       It affects your dexterity (+3).
   Slay:      It affects your accuracy & damage with ranged weapons and melee
   (+5).
   rCorr:     It protects you from acid and corrosion.
 w - the +4 ring mail of Foefofups {rElec rF++ rC- rCorr}
   (You found it on level 3 of the Dungeon)

   rF:        It greatly protects you from fire.
   rC:        It makes you vulnerable to cold.
   rElec:     It insulates you from electricity.
   rCorr:     It protects you from acid and corrosion.
 H - a +0 cloak (melded)
Jewellery
 d - a +6 ring of strength (right branch)
 i - a +4 ring of protection (left branch)
 x - a +6 ring of strength
 y - a ring of positive energy
 J - a +4 ring of slaying
Wands
 u - a wand of acid (12)
 v - a wand of digging (3)
 C - a wand of flame (22)
 G - a wand of mindburst (7)
Scrolls
 e - 2 scrolls of enchant armour
 g - 4 scrolls of teleportation
 h - 3 scrolls of vulnerability
 j - 3 scrolls of amnesia
 k - 2 scrolls of poison
 l - a scroll of acquirement {unknown}
 m - a scroll of fear {unknown}
 o - a scroll of torment {unknown}
 t - a scroll of silence {unknown}
 E - 2 scrolls of enchant weapon {unknown}
 F - a scroll of immolation {unknown}
Potions
 f - 3 potions of attraction
 p - 2 potions of ambrosia {unknown}
 q - 2 potions of lignification
 r - 2 potions of mutation
 z - a potion of brilliance {unknown}
 A - a potion of heal wounds {unknown}
 D - a potion of cancellation {unknown}
 I - 3 potions of curing
 K - a potion of berserk rage {unknown}
 L - a potion of haste {unknown}


   Skills:
 * Level 8.4 Fighting
 - Level 1.7 Polearms
 + Level 5.6 Armour
 * Level 7.0 Dodging
 - Level 3.0 Shields
 * Level 6.8 Unarmed Combat
 - Level 6.3 Invocations


You had 2 spell levels left.
You knew the following spells:

 Your Spells              Type           Power      Damage    Failure   Level
a - Storm Form            Tmut/Air       0%         N/A       100%        7

Your spell library contained the following spells:

 Spells                   Type           Power      Damage    Failure   Level
 Summon Small Mammal      Summ           0%         N/A       30%         1
 Cigotuvi's Dreadful Rot  Necr/Pois/Air  0%         N/A       41%         2
 Ensorcelled Hibernation  Hex/Ice        0%         N/A       41%         2
 Call Canine Familiar     Summ           0%         N/A       67%         3
 Dazzling Flash           Conj/Hex       0%         N/A       67%         3
 Gell's Gravitas          Tloc           0%         N/A       67%         3
 Ignite Poison            Fire/Tmut/Pois 0%         N/A       67%         3
 Spider Form              Tmut/Pois      0%         N/A       67%         3
 Summon Guardian Golem    Hex/Summ       0%         N/A       67%         3
 Teleport Other           Tloc           0%         N/A       67%         3
 Volatile Blastmotes      Fire/Tloc      0%         2d10      67%         3
 Anguish                  Hex/Necr       0%         N/A       97%         4
 Iskenderun's Mystic Bla  Conj/Tloc      0%         2d3       97%         4
 Summon Lightning Spire   Summ/Air       0%         N/A       97%         4
 Freezing Cloud           Conj/Ice/Air   0%         6-21      100%        5
 Dispersal                Tloc           0%         N/A       100%        6
 Starburst                Conj/Fire      0%         6d3       100%        6
 Maxwell's Capacitive Co  Air            0%         ∞         100%        8


Dungeon Overview and Level Annotations

Branches:
Dungeon (9/15)             Temple (1/1) D:4
   Lair: D:8-11         Orc: D:9-12

Altars:
Ashenzari
Cheibriados
Dithmenos
Fedhas
Gozag
Nemelex Xobeh
Okawaru
Qazlal
Ru
Trog
Uskayaw
Vehumet
Wu Jian
Xom
Yredelemnul

Shops:
D:1 ?   D:3 [   D:5 =

Annotations:
D:8 3 runed translucent doors, MrIGI's ghost, novice AtFi; mihai's ghost, novice TrFi; vvlvvlvvl's ghost, novice DsFi
D:9 Erica; Harold
Temple 2 transporters


Innate Abilities, Weirdness & Mutations

You are a tree.
Your roots penetrate the ground, keeping you stationary.
You cannot be teleported.
You are immune to unholy pain and torment.
Your maximum health is greatly increased.
Your equipment is partially melded.
((You have very sharp fingernails.))
((You are mostly covered in slimy green scales. (AC +3)))
You regenerate a little health from kills.
Your mind is acute. (Int +4, Str/Dex -1)
Your spells are a little easier to cast, but a little less powerful.


Message History

The troll claws you but does no damage. You block the troll's attack.
The wraith hits you!
* * * LOW HITPOINT WARNING * * *
The centaur shoots an arrow.
You block the arrow.
The centaur shoots an arrow.
The arrow hits you but does no damage.
The soul eater draws from the surrounding life force!
* * * LOW HITPOINT WARNING * * *
The wraith attacks as you move away! You block the wraith's attack.
The soul eater draws from the surrounding life force!
* * * LOW HITPOINT WARNING * * *
The troll bites you but does no damage. The troll barely misses you.
The troll closely misses you. The wraith closely misses you.
An orc comes into view. It is wielding a +0 mace of draining.
The centaur shoots an arrow.
The arrow closely misses you.
It was a potion of lignification.
You turn into a tree.
Your +0 cloak melds into your body.
The +3 leather armour "Qousoc" {rCorr Str+3 Dex+3 Slay+5} melds into your body.
Your roots penetrate the ground.
The centaur shoots an arrow.
The arrow hits you but does no damage. The troll bites you but does no damage.
You block the troll's attack. The troll claws you but does no damage.
The wraith hits you but does no damage.
The centaur shoots an arrow.
The arrow hits you but does no damage.
It was a potion of mutation.
You feel extremely strange.
Your connection to magic feels subdued.
You feel clever.
The centaur shoots an arrow.
The arrow barely misses you. You block the troll's attack.
The troll claws you but does no damage. x2
The wraith completely misses you. The gnoll hits you but does no damage.
The centaur shoots an arrow.
The arrow hits you but does no damage. The troll bites you but does no damage.
The troll claws you but does no damage. x2
You block the wraith's attack.
Erica the Fiery-Tempered comes into view.
She is wielding a +1 scimitar of flaming.
A centaur comes into view.
You feel better.
The centaur unwields a +0 shortbow.
The centaur hits you.
* * * LOW HITPOINT WARNING * * *
You block the centaur's attack. The troll bites you but does no damage.
The troll claws you but does no damage. x2
Harold hits you with a +0 heavy war axe!
* * * LOW HITPOINT WARNING * * *
The wraith hits you.
You die...

..#..............................
..#..............................
......................c..........
....................>5...........
...................5.............
..................g4o............
#.................3K...@.........
#.........[....5cW..............
###........).#..♣T4.......#....
#..............@#####...#...
####............# .$.#
#....##....### #### #....##.).<#
#...###..)## ##### #####


You could see Harold, Erica, a soul eater (summoned), a hellwing (summoned), an
ice devil (summoned), a kobold demonologist, a troll, a wraith, 2 centaurs, 2
quasits, a gnoll, a white imp (summoned) and an orc.

Vanquished Creatures
  2 unseen horror zombies (D:8)
  Grinder (D:6)
  A wyvern (D:7)
  2 steam dragons
  Edmund (D:3)
  2 ice beasts
  6 ogres
  A black bear (D:5)
  A sky beast (D:7)
  A hornet zombie (D:8)
  2 centaurs
  2 phantoms
  3 bullfrogs
  A kobold brigand (D:8)
  2 gnoll sergeants
  2 necrophages (D:8)
  A scorpion (D:4)
  13 wights
  3 killer bees (D:4)
  7 hounds
  3 jellies
  A gnoll bouda (D:6)
  A human zombie (D:8)
  3 orc priests
  5 iguanas
  A sleepcap (D:4)
  Jessica (D:3)
  7 orc wizards
  2 killer bee zombies (D:8)
  A mummy (D:8)
  3 howler monkey zombies (D:8)
  16 gnolls
  5 adders
  A white imp (D:3)
  3 ufetubi
  A worm (D:4)
  A dart slug (D:4)
  16 orcs
  5 endoplasms
  4 giant cockroaches
  6 goblins
  4 hobgoblins
  2 jackals (D:2)
  3 quokkas
  5 ball pythons
  9 bats
  2 frilled lizards (D:2)
  13 kobolds
  9 rats
  A spectral goblin (D:2)
188 creatures vanquished.

Notes
Turn   | Place    | Note
-------+----------+-------------------------------------------
     0 | D:1      | Martska the Demonspawn Fighter began the quest for the Orb.
     0 | D:1      | Reached XP level 1. HP: 18/18 MP: 1/1
   222 | D:1      | Gained mutation: You have sharp fingernails. [demonic
                  | ancestry]
   222 | D:1      | Reached XP level 2. HP: 24/24 MP: 2/2
   323 | D:1      | Found Birousoz's Magic Scroll Emporium.
   326 | D:1      | Reached skill level 1 in Dodging
   699 | D:2      | Gained mutation: You are partially covered in slimy green
                  | scales. (AC +2) [demonic ancestry]
   699 | D:2      | Reached XP level 3. HP: 18/29 MP: 3/3
   930 | D:2      | Reached skill level 1 in Unarmed Combat
  1102 | D:2      | Reached XP level 4. HP: 36/36 MP: 4/4
  1151 | D:2      | Identified the +3 leather armour "Qousoc" {rCorr Str+3
                  | Dex+3 Slay+5}
  1471 | D:2      | Found a faded altar of an unknown god.
  1599 | D:3      | Found a hide-covered altar of Uskayaw.
  1617 | D:3      | Became a worshipper of Uskayaw the Reveller
  1822 | D:3      | Found Pylewk's Armour Shoppe.
  1842 | D:3      | You fall into a shaft and drop 2 floors!
  1842 | D:5      | Entered Level 5 of the Dungeon
  1845 | D:5      | Noticed an ogre
  1849 | D:5      | Reached * piety under Uskayaw
  1850 | D:5      | Reached ** piety under Uskayaw
  1853 | D:5      | Killed an ogre
  1854 | D:5      | Reached skill level 4 in Fighting
  1854 | D:5      | Reached skill level 1 in Invocations
  1854 | D:5      | Reached XP level 5. HP: 18/42 MP: 5/5
  1956 | D:5      | Noticed a black bear
  1960 | D:5      | Killed a black bear
  1960 | D:5      | Reached *** piety under Uskayaw
  1990 | D:4      | Found a staircase to the Ecumenical Temple.
  1998 | D:4      | Found an iron altar of Okawaru.
  2012 | D:4      | Reached XP level 6. HP: 35/49 MP: 7/7
  2038 | Temple   | Entered the Ecumenical Temple
  2038 | Temple   | Found a transporter.
  2038 | Temple   | Found a transporter.
  2350 | D:4      | Reached **** piety under Uskayaw
  2369 | D:4      | Noticed Edmund
  2449 | D:3      | Identified the +4 ring mail of Foefofups {rElec rF++ rC-
                  | rCorr}
  2494 | D:3      | Noticed Jessica
  2506 | D:3      | Killed Jessica
  2998 | D:3      | Killed Edmund
  2999 | D:3      | Gained mutation: You have very sharp fingernails. [demonic
                  | ancestry]
  2999 | D:3      | Reached XP level 7. HP: 18/43 MP: 8/8
  3224 | D:4      | Reached skill level 5 in Fighting
  3498 | D:4      | Found a broken altar of Ashenzari.
  4500 | D:4      | Gained mutation: You are mostly covered in slimy green
                  | scales. (AC +3) [demonic ancestry]
  4500 | D:4      | Reached XP level 8. HP: 36/63 MP: 10/10
  4988 | D:5      | Found Neghim's Jewellery Shoppe.
  5045 | D:5      | Reached skill level 6 in Fighting
  5489 | D:5      | Learned a level 7 spell: Storm Form
  5516 | D:6      | Reached skill level 5 in Dodging
  5560 | D:6      | Noticed Grinder
  5571 | D:6      | Killed Grinder
  5572 | D:6      | Reached skill level 5 in Unarmed Combat
  5572 | D:6      | Gained mutation: You regenerate a little health from kills.
                  | [demonic ancestry]
  5572 | D:6      | Reached XP level 9. HP: 54/71 MP: 12/12
  6033 | D:6      | Reached skill level 5 in Invocations
  6492 | D:6      | Found a shadowy altar of Dithmenos.
  6674 | D:7      | Found a snail-covered altar of Cheibriados.
  6674 | D:7      | Found a shimmering altar of Xom.
  6675 | D:7      | Found a bloodstained altar of Trog.
  6683 | D:7      | Reached skill level 7 in Fighting
  6692 | D:7      | Reached ***** piety under Uskayaw
  6797 | D:7      | Reached skill level 5 in Armour
  7006 | D:7      | Found a sparkling altar of Nemelex Xobeh.
  7086 | D:7      | Found a sacrificial altar of Ru.
  7475 | D:8      | Found a runed translucent gate.
  7475 | D:8      | Found a runed translucent gate.
  7475 | D:8      | Found a runed translucent gate.
  7479 | D:8      | Noticed MrIGI's ghost (novice AtFi)
  7479 | D:8      | Noticed mihai's ghost (novice TrFi)
  7479 | D:8      | Noticed vvlvvlvvl's ghost (novice DsFi)
  8231 | D:8      | Found a basalt altar of Yredelemnul.
  8251 | D:8      | Reached XP level 10. HP: 79/80 MP: 14/14
  8300 | D:8      | Reached skill level 8 in Fighting
  9331 | D:9      | Noticed Harold
  9333 | D:9      | Noticed a soul eater
  9346 | D:9      | HP: 1/82 [soul eater[a kobold demonologist] (6)]
  9348 | D:9      | Gained mutation: Your spells are a little easier to cast,
                  | but a little less powerful. [potion of mutation]
  9348 | D:9      | Gained mutation: Your mind is acute. (Int +4, Str/Dex -1)
                  | [potion of mutation]
  9348 | D:9      | Noticed Erica
  9349 | D:9      | Slain by a wraith

Illustrated notes

Levels and vault maps discovered:
D:1:      kilobyte_arrival_exit_the_forest, layout_basic, serial_shops, shop
D:2:      layout_rooms, dreamdust_ecumenical_altar_drowned_temple,
          dk_vineyard_2, hex_intersection, minmay_misc_feat_nine_boxes,
          hangedman_decor_push
D:3:      layout_basic, overflow_temple_1_default, serial_shops,
          nicolae_shop_temple_entry_statues_fountains, uniq_jessica
D:4:      layout_loops_ring, mainiacjoe_overflow_alcove_4,
          mainiacjoe_overflow_catwalk, tso_oasis_becter,
          minmay_temple_entry_gardened_gates, uniq_edmund
D:5:      layout_basic, mainiacjoe_overflow_big_doors, serial_shops,
          nicolae_shop_gaudy_bauble, minmay_a_box_with_orc_wizards_in_it
D:6:      layout_cave_pods, mainiacjoe_overflow_six_doors_small,
          due_unseen_surprise, uniq_grinder
D:7:      layout_rooms, nicolae_ru_path_of_blood, nemelex_altar_shiori,
          gammafunk_temple_overflow_forgotten
D:8:      layout_basic, lemuel_mausoleum_altar_yredelemnul,
          gammafunk_ghost_cemetery
D:9:      layout_cross, orc_0_dummy, kennysheep_dice, uniq_erica, uniq_harold
Temple:   hellmonk_temple_divided_pantheon

Skill      XL: |  1  2  3  4  5  6  7  8  9 10 |
---------------+-------------------------------+-----
Dodging        | 1 2 3 4 5 6 7 |  7.0
Shields        | 3 |  3.0
Unarmed Combat | 1 2 3 5 6 |  6.8
Armour         | 3 4 5 |  5.6
Fighting       | 4 5 6 7 8 |  8.4
Invocations    | 1 2 3 4 6 |  6.3
Polearms       | |  1.7

Action                     |  1- 3 |  4- 6 |  7- 9 | 10-12 || total
---------------------------+-------+-------+-------+-------++-------
  Melee: Trident           |   125 |     2 |       |       ||   127
         Short sword       |       |   124 |    79 |       ||   203
         Dagger            |       |       |   286 |   160 ||   446
    Use: Scroll            |     3 |     1 |     2 |       ||     6
         Potion            |       |     1 |     5 |     3 ||     9
   Stab: Paralysed         |       |     5 |    15 |     9 ||    29
         Sleeping          |       |     2 |     2 |       ||     4
 Armour: Scale mail        |    61 |    18 |       |       ||    79
         Leather armour    |       |    42 |   179 |   105 ||   326
         Skin              |       |       |       |    15 ||    15
  Dodge: Dodged            |    65 |    52 |   286 |   161 ||   564
  Block: Buckler           |    30 |    25 |   119 |    46 ||   220
